TOP OF THE 1ST |
Philadelphia Phillies batting - Pitching for Toronto Blue Jays : LHP Brendan McKay
|
Pitching: LHP Brendan McKay
|
|
Batting: RHB Oscar Mercado
|
0-0: Called Strike 0-1: Foul Ball, location: 2F 0-2: Strikes out looking
|
Batting: LHB Vimael Machin
|
0-0: Ball 1-0: Ground out 5-3 (Groundball, 5, EV 86.3 MPH)
|
Batting: RHB Justin Turner
|
0-0: Ball 1-0: Called Strike 1-1: Ball 2-1: Foul Ball, location: 7LSF 2-2: Fly out, F5 (Line Drive, 5, EV 65.0 MPH)
|
Top of the 1st over - 0 runs, 0 hits, 0 errors, 0 left on base; Philadelphia 0 - Toronto 0 |
BOTTOM OF THE 1ST |
Toronto Blue Jays batting - Pitching for Philadelphia Phillies : RHP Deivi Garcia
|
Pitching: RHP Deivi Garcia
|
|
Batting: LHB Mickey Moniak
|
0-0: Called Strike 0-1: Fly out, F7 (Flyball, 7D, EV 90.6 MPH)
|
Batting: RHB Mauricio Dubon
|
0-0: Called Strike 0-1: Ball 1-1: Called Strike 1-2: Strikes out swinging
|
Batting: RHB Evan Longoria
|
0-0: Ball 1-0: Swinging Strike 1-1: Ground out 6-3 (Groundball, 6, EV 110.0 MPH)
|
Bottom of the 1st over - 0 runs, 0 hits, 0 errors, 0 left on base; Philadelphia 0 - Toronto 0 |
TOP OF THE 2ND |
Philadelphia Phillies batting - Pitching for Toronto Blue Jays : LHP Brendan McKay
|
Batting: RHB AJ Pollock
|
0-0: Called Strike 0-1: Ball 1-1: Swinging Strike 1-2: Fly out, F4 (Popup, 3D, EV 73.1 MPH)
|
Batting: SHB Michael Toglia
|
0-0: Called Strike 0-1: Swinging Strike 0-2: Fly out, F3 (Popup, 3, EV 72.5 MPH)
|
Batting: LHB Jesus Sanchez
|
0-0: Fly out, F9 (Flyball, 9D, EV 85.6 MPH)
|
Top of the 2nd over - 0 runs, 0 hits, 0 errors, 0 left on base; Philadelphia 0 - Toronto 0 |
BOTTOM OF THE 2ND |
Toronto Blue Jays batting - Pitching for Philadelphia Phillies : RHP Deivi Garcia
|
Batting: RHB Yainer Diaz
|
0-0: Called Strike 0-1: Ground out 4-3 (Groundball, 4M, EV 86.3 MPH)
|
Batting: RHB Yu Chang
|
0-0: Ball 1-0: SOLO HOME RUN (Flyball, 89XD, EV 106.9 MPH), Distance : 405 ft
|
Batting: RHB Keston Hiura
|
0-0: Ground out 4-3 (Groundball, 4M, EV 90.6 MPH)
|
Batting: RHB Austin Slater
|
0-0: Ball 1-0: Ball 2-0: Ball 3-0: Base on Balls
|
Batting: RHB Andy Ibanez
|
0-0: Ball 1-0: Ball 2-0: Ground out 5-3 (Groundball, 56S, EV 86.3 MPH)
|
Bottom of the 2nd over - 1 run, 1 hit, 0 errors, 1 left on base; Philadelphia 0 - Toronto 1 |
TOP OF THE 3RD |
Philadelphia Phillies batting - Pitching for Toronto Blue Jays : LHP Brendan McKay
|
Batting: RHB Carter Kieboom
|
0-0: Fly out, F8 (Flyball, 8LXD, EV 98.1 MPH)
|
Batting: LHB Adam Haseley
|
0-0: Swinging Strike 0-1: Ball 1-1: Swinging Strike 1-2: Ball 2-2: Ball 3-2: Foul Ball, location: 23F 3-2: Strikes out swinging
|
Batting: RHB Dillon Dingler
|
0-0: Ball 1-0: Foul Ball, location: 2F 1-1: Called Strike 1-2: Fly out, F7 (Flyball, 7D, EV 109.4 MPH)
|
Top of the 3rd over - 0 runs, 0 hits, 0 errors, 0 left on base; Philadelphia 0 - Toronto 1 |
BOTTOM OF THE 3RD |
Toronto Blue Jays batting - Pitching for Philadelphia Phillies : RHP Deivi Garcia
|
Batting: LHB Tyler Wade
|
0-0: Foul Ball, location: 3F 0-1: Ball 1-1: Fly out, F8 (Flyball, 8RXD, EV 110.6 MPH)
|
Batting: LHB Mickey Moniak
|
0-0: Ball 1-0: Called Strike 1-1: Ball 2-1: Fly out, F8 (Flyball, 8LXD, EV 92.5 MPH)
|
Batting: RHB Mauricio Dubon
|
0-0: Ball 1-0: Ball 2-0: Hit by Pitch
|
Batting: RHB Evan Longoria
|
0-0: Ball 1-0: SINGLE (Line Drive, 7S, EV 90.0 MPH) Mauricio Dubon to second Runner from 2nd tries for 3rd, OUT! 7-5
|
Bottom of the 3rd over - 0 runs, 1 hit, 0 errors, 1 left on base; Philadelphia 0 - Toronto 1 |
TOP OF THE 4TH |
Philadelphia Phillies batting - Pitching for Toronto Blue Jays : LHP Brendan McKay
|
Batting: RHB Oscar Mercado
|
0-0: Called Strike 0-1: Ground out 6-3 (Groundball, 6, EV 80.0 MPH)
|
Batting: LHB Vimael Machin
|
0-0: Called Strike 0-1: Fly out, F7 (Line Drive, 7LM, EV 84.4 MPH)
|
Batting: RHB Justin Turner
|
0-0: Called Strike 0-1: SINGLE (Groundball, 6M, EV 100.0 MPH)
|
Batting: RHB AJ Pollock
|
0-0: Ball 1-0: Fly out, F8 (Flyball, 8LXD, EV 84.4 MPH)
|
Top of the 4th over - 0 runs, 1 hit, 0 errors, 1 left on base; Philadelphia 0 - Toronto 1 |
BOTTOM OF THE 4TH |
Toronto Blue Jays batting - Pitching for Philadelphia Phillies : RHP Deivi Garcia
|
Batting: RHB Yainer Diaz
|
0-0: Ball 1-0: Swinging Strike 1-1: Ball 2-1: SINGLE (Flyball, 4MD, EV 91.9 MPH)
|
Batting: RHB Yu Chang
|
0-0: Hit by Pitch Yainer Diaz to second
|
Batting: RHB Keston Hiura
|
0-0: Ball 1-0: Foul Ball, location: 9LMF 1-1: Ball 2-1: Grounds into double play, 5-4-3 (Groundball, 5, EV 102.5 MPH) Yainer Diaz to third
|
Batting: RHB Austin Slater
|
0-0: Ball 1-0: Foul Ball, location: 2F 1-1: Ball 2-1: Foul Ball, location: 2F 2-2: Foul Ball, location: 5FF 2-2: Ball 3-2: Hit by Pitch
|
Batting: RHB Andy Ibanez
|
0-0: Ball 1-0: Called Strike 1-1: Swinging Strike 1-2: Ball 2-2: Strikes out swinging
|
Bottom of the 4th over - 0 runs, 1 hit, 0 errors, 2 left on base; Philadelphia 0 - Toronto 1 |
TOP OF THE 5TH |
Philadelphia Phillies batting - Pitching for Toronto Blue Jays : LHP Brendan McKay
|
Batting: SHB Michael Toglia
|
0-0: Called Strike 0-1: Called Strike 0-2: Foul Ball, location: 3SF 0-2: Ball 1-2: Strikes out swinging
|
Batting: LHB Jesus Sanchez
|
0-0: Foul Ball, location: 2F 0-1: Ball 1-1: Called Strike 1-2: Foul Ball, location: 2F 1-2: Ball 2-2: Ball 3-2: Foul Ball, location: 7LSF 3-2: Foul Ball, location: 2F 3-2: Base on Balls
|
Batting: RHB Carter Kieboom
|
0-0: Called Strike 0-1: Foul Ball, location: 23F 0-2: Foul Ball, location: 9LMF 0-2: Ball 1-2: Ball 2-2: Strikes out looking
|
Batting: LHB Adam Haseley
|
0-0: Ball 1-0: Foul Ball, location: 2RF 1-1: Ball 2-1: Ball 3-1: Foul Ball, location: 2F 3-2: Ground out 6-3 (Groundball, 6, EV 78.1 MPH)
|
Top of the 5th over - 0 runs, 0 hits, 0 errors, 1 left on base; Philadelphia 0 - Toronto 1 |
BOTTOM OF THE 5TH |
Toronto Blue Jays batting - Pitching for Philadelphia Phillies : RHP Deivi Garcia
|
Batting: LHB Tyler Wade
|
0-0: Called Strike 0-1: Called Strike 0-2: Ball 1-2: Ground out U3 (Groundball, 3, EV 88.1 MPH)
|
Batting: LHB Mickey Moniak
|
0-0: Ball 1-0: Ball 2-0: Ball 3-0: Base on Balls
|
Batting: RHB Mauricio Dubon
|
0-0: Foul Ball, location: 2F 0-1: Fly out, F8 (Flyball, 78D, EV 103.1 MPH)
|
Batting: RHB Evan Longoria
|
0-0: Called Strike 0-1: Fly out, F5 (Popup, 5SF, EV 80.6 MPH)
|
Bottom of the 5th over - 0 runs, 0 hits, 0 errors, 1 left on base; Philadelphia 0 - Toronto 1 |
TOP OF THE 6TH |
Philadelphia Phillies batting - Pitching for Toronto Blue Jays : LHP Brendan McKay
|
Batting: RHB Dillon Dingler
|
0-0: Ball 1-0: DOUBLE (Flyball, 8LXD, EV 100.0 MPH)
|
Batting: RHB Oscar Mercado
|
0-0: Ball 1-0: Ball 2-0: Foul Ball, location: 9LMF 2-1: Foul Ball, location: 2RF 2-2: Ball 3-2: Strikes out swinging
|
Batting: LHB Vimael Machin
|
0-0: Ball 1-0: Called Strike 1-1: Ball 2-1: Ball 3-1: Swinging Strike 3-2: Foul Ball, location: 2F 3-2: Base on Balls
|
Pitching: LHP Tom Cosgrove
|
|
Batting: RHB Justin Turner
|
0-0: Called Strike 0-1: Foul Ball, location: 9LMF 0-2: Ball 1-2: Strikes out swinging
|
Batting: RHB AJ Pollock
|
0-0: Ball 1-0: Called Strike 1-1: Called Strike 1-2: Ball 2-2: Strikes out swinging
|
Top of the 6th over - 0 runs, 1 hit, 0 errors, 2 left on base; Philadelphia 0 - Toronto 1 |
BOTTOM OF THE 6TH |
Toronto Blue Jays batting - Pitching for Philadelphia Phillies : RHP Deivi Garcia
|
Batting: RHB Yainer Diaz
|
0-0: Ball 1-0: Ground out 2-3 (Groundball, 15S, EV 72.5 MPH)
|
Batting: RHB Yu Chang
|
0-0: Ball 1-0: Called Strike 1-1: Ball 2-1: Foul Ball, location: 2F 2-2: Ball 3-2: Foul Ball, location: 3FF 3-2: Fly out, F4 (Line Drive, 4, EV 72.5 MPH)
|
Batting: RHB Keston Hiura
|
0-0: Called Strike 0-1: Swinging Strike 0-2: Foul Ball, location: 3SF 0-2: Ball 1-2: SINGLE (Line Drive, 7LS, EV 91.3 MPH)
|
Pitching: RHP Victor Arano
|
|
Batting: RHB Austin Slater
|
0-0: Fielders Choice at 2nd, 5-4 (Groundball, 5, EV 88.8 MPH)
|
Bottom of the 6th over - 0 runs, 1 hit, 0 errors, 1 left on base; Philadelphia 0 - Toronto 1 |
TOP OF THE 7TH |
Philadelphia Phillies batting - Pitching for Toronto Blue Jays : LHP Tom Cosgrove
|
Pitching: RHP Cody Stashak
|
|
Batting: SHB Michael Toglia
|
0-0: Called Strike 0-1: SINGLE (Line Drive, 89M, EV 101.3 MPH)
|
Batting: LHB Jesus Sanchez
|
0-0: 2-RUN HOME RUN (Flyball, 9D, EV 95.0 MPH), Distance : 367 ft
|
Batting: RHB Carter Kieboom
|
0-0: Ball 1-0: Ball 2-0: Ball 3-0: Called Strike 3-1: Called Strike 3-2: Strikes out swinging
|
Batting: LHB Adam Haseley
|
0-0: Foul Ball, location: 7LSF 0-1: Ball 1-1: Called Strike 1-2: Ball 2-2: Strikes out looking
|
Batting: RHB Dillon Dingler
|
0-0: Called Strike 0-1: Fly out, F7 (Flyball, 78S, EV 83.8 MPH)
|
Top of the 7th over - 2 runs, 2 hits, 0 errors, 0 left on base; Philadelphia 2 - Toronto 1 |
BOTTOM OF THE 7TH |
Toronto Blue Jays batting - Pitching for Philadelphia Phillies : RHP Victor Arano
|
Pitching: RHP Jeremiah Estrada
|
|
Batting: RHB Andy Ibanez
|
0-0: Foul Ball, location: 2F 0-1: Ball 1-1: Called Strike 1-2: Foul Ball, location: 2F 1-2: Ball 2-2: Strikes out swinging
|
Batting: LHB Tyler Wade
|
0-0: Ball 1-0: Ball 2-0: Ball 3-0: Base on Balls
|
Batting: LHB Mickey Moniak
|
0-0: Foul Ball, location: 5F 0-1: Swinging Strike 0-2: Ball 1-2: Foul Ball, location: 7LDF 1-2: Strikes out looking
|
Pinch Hitting: LHB Nick Maton
|
0-0: Ball 1-0: Called Strike 1-1: Ball 2-1: Foul Ball, location: 2F 2-2: Foul Ball, location: 25F 2-2: Foul Ball, location: 2F 2-2: Foul Ball, location: 7LDF 2-2: Fly out, F9 (Flyball, 9D, EV 110.6 MPH)
|
Bottom of the 7th over - 0 runs, 0 hits, 0 errors, 1 left on base; Philadelphia 2 - Toronto 1 |
TOP OF THE 8TH |
Philadelphia Phillies batting - Pitching for Toronto Blue Jays : RHP Cody Stashak
|
Pitching: RHP Stephen Nogosek
|
|
Now at SS: Ramon Urias
|
|
Now in CF: Tyler Wade
|
|
Batting: RHB Oscar Mercado
|
0-0: Ball 1-0: Ball 2-0: Called Strike 2-1: Fly out, F9 (Flyball, 89S, EV 88.8 MPH)
|
Batting: LHB Vimael Machin
|
0-0: Called Strike 0-1: Ball 1-1: Called Strike 1-2: Ground out 4-3 (Groundball, 4, EV 91.9 MPH)
|
Batting: RHB Justin Turner
|
0-0: Ball 1-0: Ground out 5-3 (Groundball, 56, EV 104.4 MPH)
|
Top of the 8th over - 0 runs, 0 hits, 0 errors, 0 left on base; Philadelphia 2 - Toronto 1 |
BOTTOM OF THE 8TH |
Toronto Blue Jays batting - Pitching for Philadelphia Phillies : RHP Jeremiah Estrada
|
Pitching: LHP Thomas Szapucki
|
|
Batting: RHB Evan Longoria
|
0-0: Swinging Strike 0-1: Ball 1-1: Ball 2-1: Ground out 6-3 (Groundball, 6, EV 88.8 MPH)
|
Batting: RHB Yainer Diaz
|
0-0: Ground out 1-3 (Groundball, 15S, EV 74.4 MPH)
|
Batting: RHB Yu Chang
|
0-0: Called Strike 0-1: Swinging Strike 0-2: Fly out, F9 (Flyball, 9S, EV 80.6 MPH)
|
Bottom of the 8th over - 0 runs, 0 hits, 0 errors, 0 left on base; Philadelphia 2 - Toronto 1 |
TOP OF THE 9TH |
Philadelphia Phillies batting - Pitching for Toronto Blue Jays : RHP Stephen Nogosek
|
Pitching: RHP Brett Conine
|
|
Batting: LHB Brian Miller
|
0-0: Ground out 1-3 (Groundball, 15, EV 68.8 MPH)
|
Batting: SHB Michael Toglia
|
0-0: SINGLE (Line Drive, 34, EV 98.8 MPH)
|
Batting: LHB Jesus Sanchez
|
0-0: Foul Ball, location: 2F 0-1: Grounds into double play, 6-4-3 (Groundball, 6M, EV 83.1 MPH)
|
Top of the 9th over - 0 runs, 1 hit, 0 errors, 0 left on base; Philadelphia 2 - Toronto 1 |
BOTTOM OF THE 9TH |
Toronto Blue Jays batting - Pitching for Philadelphia Phillies : LHP Thomas Szapucki
|
Pitching: RHP Jimmy Nelson
|
|
Batting: RHB Keston Hiura
|
0-0: Called Strike 0-1: Ball 1-1: Foul Ball, location: 2F 1-2: Ball 2-2: Ball 3-2: Strikes out swinging, 2-3 out at first.
|
Batting: RHB Austin Slater
|
0-0: Ball 1-0: Ball 2-0: Foul Ball, location: 5FF 2-1: Ball 3-1: SINGLE (Line Drive, 6MD, EV 73.8 MPH)
|
Batting: RHB Andy Ibanez
|
0-0: Ball 1-0: Ball 2-0: Ball 3-0: Called Strike 3-1: Base on Balls Austin Slater to second
|
Batting: LHB Tyler Wade
|
0-0: Ball 1-0: Ball 2-0: Ball 3-0: Base on Balls Austin Slater to third Andy Ibanez to second
|
Batting: LHB Mickey Moniak
|
0-0: GRAND SLAM HOME RUN (Flyball, 9D, EV 93.1 MPH), Distance : 359 ft
|
Bottom of the 9th over - 4 runs, 2 hits, 0 errors, 0 left on base; Philadelphia 2 - Toronto 5 |
|